 Dungeon Crawl Stone Soup version 0.20.0-15-g7f486f2 (webtiles) character file.

58 anfisbena the Slasher (level 3, -4/29 HPs)
             Began as a Demonspawn Abyssal Knight on June 15, 2017.
             Was a Follower of Lugonu.
             Slain by a worm (8 damage)
             ... on level 2 of the Dungeon.
             The game lasted 00:02:11 (2993 turns).

anfisbena the Slasher (Demonspawn Abyssal Knight)   Turns: 2993, Time: 00:02:12

Health: -4/29      AC:  3    Str: 12    XL:     3   Next: 76%
Magic:  4/4        EV: 11    Int: 13    God:    Lugonu [*.....]
Gold:   80         SH:  0    Dex: 13    Spells: 2/2 levels left

rFire    . . .     SeeInvis .   a - +1 falchion
rCold    . . .     Gourm    .   (no shield)
rNeg     . . .     Faith    .   b - +0 leather armour
rPois    .         Spirit   .   (no helmet)
rElec    .         Reflect  .   (no cloak)
rCorr    .         Harm     .   (no gloves)
MR       .....                  (no boots)
Stlth    +.........             (no amulet)
Regen    0.1/turn               (no ring)
MPRegen  0.1/turn               (no ring)

@: no status effects
A: rot immunity
a: Depart the Abyss, Renounce Religion


You were on level 2 of the Dungeon.
You worshipped Lugonu.
Lugonu was aware of your devotion.
You were not hungry.

You visited 1 branch of the dungeon, and saw 2 of its levels.
You visited the Abyss 1 time.

You collected 80 gold pieces.

Inventory:

Hand Weapons
 a - a +1 falchion (weapon)
Armour
 b - a +0 leather armour (worn)
 e - a +0 pair of gloves
Scrolls
 d - a scroll of blinking {unknown}
 j - a scroll of enchant weapon {unknown}
 k - a scroll of magic mapping {unknown}
 l - a scroll of identify {unknown}
 m - a scroll of fear {unknown}
Potions
 f - a potion of flight {unknown}
 g - a potion of degeneration {unknown}
 h - a potion of curing {unknown}
 i - a potion of lignification {unknown}
Comestibles
 c - 2 bread rations


   Skills:
 - Level 3.0 Fighting
 + Level 3.7 Long Blades
 - Level 1.7 Armour
 - Level 0.8 Dodging
 - Level 2.4 Invocations


You had 2 spell levels left.
You didn't know any spells.

Dungeon Overview and Level Annotations

Branches:
Dungeon (2/15)

Altars:
Trog


Innate Abilities, Weirdness & Mutations

You are immune to rotting.


Message History

You are too injured to fight recklessly!
You are too injured to fight recklessly!
You are too injured to fight recklessly!
You are too injured to fight recklessly!
You are too injured to fight recklessly!
You are too injured to fight recklessly!
You are too injured to fight recklessly!
You are too injured to fight recklessly!
You hit the worm but do no damage. The worm completely misses you.
The worm is no longer berserk.
The worm bites you!
* * * LOW HITPOINT WARNING * * *
You slash the worm!
The worm is heavily wounded.
You hit the worm but do no damage.
The worm is heavily wounded.
You hit the worm.
The worm is heavily wounded.
The worm bites you!
You die...

#..[...##.....#..#....(##
#......##.)...#..#.....#
#####.......#....#######
#.......##...#
#.......##...#
#.......##...# #####
#(......###..#####...#
#..)....# #......#.#.#
#.......# #.@###.#.#.#
#######'##### #.w....#.#.#
.....##)## #..#####.#.#
####.##.(######...####.#.#
####.###.)...##..........#
.....##......##.#.####.###
#.#####.....)##.#..###.#####
#.....#.......#.##.##<.....#
#.....#.......#.##.##.####.#


You could see a worm.

Vanquished Creatures
  3 worms (D:2)
  3 dart slugs (D:1)
  A leopard gecko (D:2)
  4 bats
  A giant cockroach (D:2)
  7 goblins
  6 hobgoblins
  3 frilled lizards
  9 kobolds
  8 rats
45 creatures vanquished.

Notes
Turn   | Place    | Note
-------+----------+-------------------------------------------
     0 | Abyss:1  | anfisbena the Demonspawn Abyssal Knight began the quest for the Orb.
     0 | Abyss:1  | Reached XP level 1. HP: 18/18 MP: 2/2
    71 | Abyss:1  | Found a corrupted altar of Lugonu.
   127 | Abyss:1  | Noticed an apocalypse crab
   132 | D:1      | Escaped the Abyss
   253 | D:1      | Gained mutation: You are immune to rotting. [demonic ancestry]
   253 | D:1      | Reached XP level 2. HP: 11/24 MP: 3/3
   536 | D:1      | Reached * piety under Lugonu
  1308 | D:1      | Reached XP level 3. HP: 29/29 MP: 4/4
  1382 | D:2      | Noticed a moth of wrath
  1385 | D:2      | Found a bloodstained altar of Trog.
  1763 | D:2      | HP: 1/29 [worm (11)]
  2993 | D:2      | Slain by a worm

Skill      XL: |  1  2 |
---------------+-------+-----
Long Blades    | 2 3 |  3.7
Fighting       | |  3.0
Armour         | |  1.7
Dodging        | |  0.8
Invocations    | |  2.4

Action                   || total
-------------------------++-------
Melee: Falchion          ||   141
Invok: Depart the Abyss  ||     1
 Stab: Sleeping          ||     2
  Eat: Chunk             ||     4
       Meat ration       ||     1
Armor: Leather armour    ||    35
Dodge: Dodged            ||   104
       Rpst.: Falchion   ||    37
